 Dungeon Crawl Stone Soup version 0.22-a0-757-gdba82d8 (webtiles) character file.

16 Amnesiac the Digger (level 2, 0/19 HPs)
             Began as a Demonspawn Earth Elementalist on July 16, 2018.
             Slain by a phantom (10 damage)
             ... on level 3 of the Dungeon.
             The game lasted 00:00:56 (229 turns).

Amnesiac the Digger (Demonspawn Earth Elementalist)  Turns: 229, Time: 00:00:56

Health: 0/19       AC:  2    Str:  8    XL:     2   Next: 41%
Magic:  0/5        EV: 12    Int: 16    God:
Gold:   29         SH:  0    Dex: 13    Spells: 2/5 levels left

rFire    . . .     SeeInvis .   (no weapon)
rCold    . . .     Gourm    .   (no shield)
rNeg     . . .     Faith    .   c - +0 robe
rPois    .         Spirit   .   (helmet restricted)
rElec    .         Reflect  .   (no cloak)
rCorr    .         Harm     .   (no gloves)
MR       .....                  (no boots)
Stlth    ++........             (no amulet)
HPRegen  0.06/turn              (no ring)
MPRegen  0.09/turn              (no ring)

@: very slightly contaminated
A: antennae 1
a: no special abilities


You were on level 3 of the Dungeon.
You were not hungry.

You visited 1 branch of the dungeon, and saw 3 of its levels.

You collected 29 gold pieces.

Inventory:

Missiles
 b - 53 stones (quivered)
Armour
 c - a +0 robe (worn)
Scrolls
 a - a scroll of immolation {!r, unknown}
Potions
 e - a potion of heal wounds {!q, unknown}
 f - a potion of degeneration {!q, unknown}
Comestibles
 d - 2 rations
 g - 7 chunks of flesh


   Skills:
 + Level 1.7 Dodging
 - Level 2.0 Stealth
 + Level 2.2 Spellcasting
 - Level 0.8 Transmutations
 * Level 3.1 Earth Magic


You had 2 spell levels left.
You knew the following spells:

 Your Spells              Type           Power        Failure   Level  Hunger
a - Sandblast             Erth           ##....       5%          1    #......
b - Passwall              Tmut/Erth      #.......     14%         2    ###....

Your spell library contained the following spells:

 Spells                   Type           Power        Failure   Level  Hunger
 Stone Arrow              Conj/Erth      #.....       32%         3    ###....
 Lee's Rapid Deconstruct  Erth           ##........   83%         5    ######.
 Petrify                  Tmut/Erth      #.......     65%         4    #####..


Dungeon Overview and Level Annotations

Branches:
Dungeon (3/15)

Altars:


Innate Abilities, Weirdness & Mutations

You have a pair of small antennae on your head.


Message History

Confirm with . or Enter, or press ? or * to list all spells.
You can't see any susceptible monsters within range! (Use Z to cast anyway.)
You see here 20 arrows.
You see here a jackal corpse.
You butcher the jackal corpse.
g - 5 chunks of flesh (gained 3)
b - 57 stones (gained 13)
There is an open door here.
g - 7 chunks of flesh (gained 2)
You start resting.
Magic restored.
You see here a leather armour.
A goblin and a phantom come into view.
Found a ration and 13 stones.
There are monsters nearby!
There are monsters nearby!
Casting: Sandblast (safe; 5% risk of failure)
Confirm with . or Enter, or press ? or * to list all spells.
Aiming: Sandblast (safe; 5% risk of failure)
Press: ? - help, Shift-Dir - straight line, f - phantom
Aim: a phantom The blast of sand hits the phantom.
The phantom is lightly damaged.
b - 56 stones
Casting: Sandblast (safe; 5% risk of failure)
Confirm with . or Enter, or press ? or * to list all spells.
Aiming: Sandblast (safe; 5% risk of failure)
Press: ? - help, Shift-Dir - straight line, f/p - phantom
Aim: a phantom (lightly damaged)
The blast of sand hits the phantom.
The phantom is moderately damaged.
b - 55 stones
Casting: Sandblast (safe; 5% risk of failure)
Confirm with . or Enter, or press ? or * to list all spells.
Aiming: Sandblast (safe; 5% risk of failure)
Press: ? - help, Shift-Dir - straight line, f/p - phantom
Aim: a phantom (moderately damaged)
The blast of sand hits the phantom.
The phantom is moderately damaged.
b - 54 stones The phantom closely misses you.
Casting: Sandblast (safe; 5% risk of failure)
Confirm with . or Enter, or press ? or * to list all spells.
Aiming: Sandblast (safe; 5% risk of failure)
Press: ? - help, Shift-Dir - straight line, f/p - phantom
Aim: a phantom (moderately damaged)
You miscast Sandblast.
You are very lightly contaminated with residual magic.
Nothing appears to happen.
The phantom closely misses you.
Casting: Sandblast (safe; 5% risk of failure)
Confirm with . or Enter, or press ? or * to list all spells.
Aiming: Sandblast (safe; 5% risk of failure)
Press: ? - help, Shift-Dir - straight line, f/p - phantom
Aim: a phantom (moderately damaged)
The blast of sand hits the phantom.
The phantom is moderately damaged.
b - 53 stones The phantom hits you!
Casting: Sandblast (safe; 5% risk of failure)
Confirm with . or Enter, or press ? or * to list all spells.
You don't have enough magic to cast that spell.
The phantom hits you!
Ouch! That really hurt!
You die...

#####.#.......... #
#.......#.####.##
#.#.###[###.# #.##
#.#.###.# #.# #.##
#.......###'## #...
#####.######(..######
##.......###.....## #
##..#.#.#.##.......##
.###.....@.#.#.........###
.........W...+.........'..
####.....##.#......[..###
##..#.###.##.......##
#.........###.....##
#.######.### ##...## #.
#g..W.## ##+# #. #%##.# .
#..


You could see a phantom.

Vanquished Creatures
  An adder (D:2)
  A bat (D:3)
  A goblin (D:1)
  3 jackals (D:3)
  A rat (D:1)
7 creatures vanquished.

Notes
Turn   | Place    | Note
-------+----------+-------------------------------------------
     0 | D:1      | Amnesiac the Demonspawn Earth Elementalist began the quest for the Orb.
     0 | D:1      | Reached XP level 1. HP: 13/13 MP: 3/3
    76 | D:2      | Reached skill level 3 in Earth Magic
    76 | D:2      | Gained mutation: You have a pair of small antennae on your head. [demonic ancestry]
    76 | D:2      | Reached XP level 2. HP: 19/19 MP: 0/5
   122 | D:2      | Learned a level 2 spell: Passwall
   219 | D:3      | Noticed a phantom
   229 | D:3      | Slain by a phantom

Vault maps used:
D:1:      enne_arrival_octagon_isle
D:2:      minmay_roachtagon, nicolae_overflow_crystal_walls, first_ration
D:3:      grunt_temple_overflow_order_and_chaos_1,
          nemelex_xobeh_ov_fountains_minmay, minmay_cut_off

Skill      XL: |  1 |
---------------+----+-----
Stealth        | 2 |  2.0
Earth Magic    | 3 |  3.1
Dodging        | |  1.7
Spellcasting   | |  2.2
Transmutations | |  0.8

Action                   || total
-------------------------++-------
 Cast: Sandblast         ||    14
Armor: Robe              ||     1
Dodge: Dodged            ||     9

Table legend:
 A = Spawn XP
 B = Non-spawn XP
 C = Spawn XP percentage of total XP
 D = Spawn monster count
 E = Non-spawn monster count
 F = Spawn count percentage of total count
 G = Total turns spent on level
                    A         B        C        D         E        F      G
               +---------+---------+-------+---------+---------+-------+---------
         Total |       0 |      24 |   0.0 |       0 |       7 |   0.0 |   229
               +---------+---------+-------+---------+---------+-------+---------
           D:1 |       0 |       3 |   0.0 |       0 |       2 |   0.0 |    47
           D:2 |       0 |      13 |   0.0 |       0 |       1 |   0.0 |    76
           D:3 |       0 |       8 |   0.0 |       0 |       4 |   0.0 |   106
               +---------+---------+-------+---------+---------+-------+---------
